Winnipeg Jets vs Edmonton Oilers (R1)

Created - Friday, September 26, 2025 at 07:16

Goals
1 2 3 T
Winnipeg Jets 2 1 2 5
Edmonton Oilers 0 3 0 3
Shots
1 2 3 T
Winnipeg Jets 7 18 11 36
Edmonton Oilers 7 19 6 32

1st period

1. Winnipeg Jets , Mikael Backlund 11 (Connor Bedard 22, Jason Zucker 23) at 6:45 (PP)
2. Winnipeg Jets , Connor Bedard 19 (Jason Zucker 24, Mikael Backlund 25) at 15:06 (PP)

Penalties :
Brock Boeser (EDM) for High sticking (Minor) at 6:35, Evan Bouchard (EDM) for Interference (Minor) at 8:07, Brett Pesce (EDM) for Interference (Minor) at 14:28

2nd period

3. Winnipeg Jets , Oliver Ekman-Larsson 3 (Adam Lowry 24, Alexander Kerfoot 17) at 2:22 (PP)
4. Edmonton Oilers , Corey Perry 7 (Drake Caggiula 7, Evan Bouchard 18) at 11:29
5. Edmonton Oilers , Brock Boeser 13 (Adrian Kempe 24, Evan Bouchard 19) at 16:04
6. Edmonton Oilers , Jake DeBrusk 22 (Boone Jenner 30) at 19:39

Penalties :
Brandon Carlo (EDM) for Hooking (Minor) at 0:41, Jason Zucker (WPG) for Hooking (Minor) at 2:37, Connor Bedard (WPG) for Holding (Minor) at 3:53

3rd period

7. Winnipeg Jets , Adam Lowry 9 (Connor Bedard 23, Nate Schmidt 2) at 2:53
8. Winnipeg Jets , Matvei Michkov 9 (Sean Durzi 8, Haydn Fleury 6) at 7:34

Penalties :
Brett Pesce (EDM) for Tripping (Minor) at 0:13, Derek Forbort (WPG) for Interference (Minor) at 0:26, Jacob Trouba (EDM) for Tripping (Minor) at 8:42, David Perron (EDM) for Tripping (Minor) at 13:45, Tanner Jeannot (EDM) for Hooking (Minor) at 16:28

Goalie Stats

Dustin Wolf (WPG), 29 saves from 32 shots - (0.906), W, 10-14-3, 60:00 minutes
Karel Vejmelka (EDM), 31 saves from 36 shots - (0.861), L, 1-3-0, 60:00 minutes

Players Stats for Winnipeg Jets

Player Name              G  A  P  +/- PIM S  H  SB GA TA FO     MP     PP MP  PK MP  
------------------------------------------------------------------------------------
Adam Lowry               1  1  2   0  0   9  3  0  2  0  9/18   20:05   5:44   1:29 
Alexander Kerfoot        0  1  1  -1  0   3  1  1  1  0  0/0    17:19   5:44   0:00 
Alexis Lafreniere        0  0  0   0  0   1  2  0  2  0  1/1     7:51   0:00   0:33 
Connor Bedard            1  2  3   0  2   2  2  0  1  0  1/1    19:58   4:48   0:49 
Derek Forbort            0  0  0   1  2   0  2  1  0  0  0/0    22:00   4:35   1:39 
Dylan Samberg            0  0  0  -1  0   2  4  2  0  0  0/0    23:33   6:02   1:36 
Haydn Fleury             0  1  1  -1  0   3  1  1  0  0  0/0    18:07   4:36   0:00 
Jason Zucker             0  2  2  -1  2   5  1  0  0  0  0/0    19:24   4:48   0:37 
Joel Armia               0  0  0   0  0   0  1  0  0  0  0/0     7:48   0:06   0:00 
Matvei Michkov           1  0  1   0  0   3  0  0  0  0  0/0    13:45   0:06   1:21 
Mikael Backlund          1  1  2  -1  0   2  1  1  0  1  15/32  20:12   4:48   1:23 
Nate Schmidt             0  1  1   1  0   0  0  1  0  1  0/0    18:32   0:00   1:52 
Nino Niederreiter        0  0  0   0  0   1  0  0  0  0  0/1     6:44   0:00   0:00 
Oliver Ekman-Larsson     1  0  1  -1  0   2  2  4  0  2  0/0    23:25   6:02   1:36 
Ridly Greig              0  0  0  -1  0   0  1  0  1  1  0/2    17:01   5:44   0:00 
Sean Durzi               0  1  1   0  0   2  0  1  0  0  0/0    14:50   0:00   0:13 
Taylor Hall              0  0  0   0  0   1  2  0  0  0  0/1    12:11   0:06   0:00 
Vladislav Namestnikov    0  0  0   0  0   0  0  0  0  0  3/5    11:15   0:00   0:00 

Players Stats for Edmonton Oilers

Player Name              G  A  P  +/- PIM S  H  SB GA TA FO     MP     PP MP  PK MP  
------------------------------------------------------------------------------------
Adrian Kempe             0  1  1   1  0   4  1  1  2  1  4/11   20:12   1:33   5:02 
Boone Jenner             0  1  1   1  0   2  1  0  1  1  11/13  13:46   1:42   0:00 
Brandon Carlo            0  0  0   0  2   0  3  4  0  0  0/0    25:52   1:49   4:17 
Brett Pesce              0  0  0  -1  4   0  1  1  1  0  0/0    16:34   0:13   3:42 
Brock Boeser             1  0  1   1  2   1  2  0  0  0  1/1    19:58   1:33   4:52 
Corey Perry              1  0  1   0  0   2  0  2  0  0  0/0     8:53   0:00   0:10 
David Perron             0  0  0   0  2   0  3  0  0  1  0/0    10:18   0:00   0:00 
David Savard             0  0  0   1  0   0  1  1  0  1  0/0    22:06   1:39   5:09 
Dawson Mercer            0  0  0   1  0   3  3  0  0  0  0/0    14:05   1:42   0:00 
Drake Caggiula           0  1  1   0  0   0  1  1  0  1  0/0     8:16   0:00   0:00 
Dylan Holloway           0  0  0  -1  0   6  2  0  0  0  0/2    17:03   0:13   5:36 
Evan Bouchard            0  2  2   1  2   1  0  0  0  2  0/0    19:05   1:39   3:36 
Jacob Trouba             0  0  0   0  2   1  2  0  0  0  0/0    24:42   1:49   4:32 
Jake DeBrusk             1  0  1   0  0   8  4  0  0  0  2/3    20:53   1:55   5:36 
Morgan Barron            0  0  0   0  0   3  0  0  0  0  3/11   10:30   0:00   0:00 
Ryan McLeod              0  0  0   1  0   0  0  0  0  0  10/18  14:26   1:33   0:00 
Scott Mayfield           0  0  0   0  0   1  0  1  0  0  0/0    12:24   0:00   0:00 
Tanner Jeannot           0  0  0   0  2   0  2  1  1  0  1/2     8:25   0:00   0:00 

3 Stars

1 - Adam Lowry (WPG)
2 - Connor Bedard (WPG)
3 - Mikael Backlund (WPG)

Power Play

Winnipeg Jets - 3 on 8 Attempt(s) - 37.50%
Edmonton Oilers - 0 on 3 Attempt(s) - 0.00%

Penalty Kill

Winnipeg Jets - 3 on 3 Attempt(s) - 100.00% - Score 0 goal in Penalty Kill
Edmonton Oilers - 5 on 8 Attempt(s) - 62.50% - Score 0 goal in Penalty Kill

Team Stat

Winnipeg Jets - Hits : 23 - Faceoff Wins : 29 - Blocked Shots : 12 - Penalty Minutes : 6
Edmonton Oilers - Hits : 26 - Faceoff Wins : 32 - Blocked Shots : 12 - Penalty Minutes : 16

Official

Referees : Kevin Pollock and Jean Hebert
Linesman : Mark Shewchyk

Game Notes

No Game Note

Finance

Level 1 -- Attendance: 5835 (97.25%) -- Ticket Income $525,150
Level 2 -- Attendance: 5000 (100.00%) -- Ticket Income $250,000
Level 3 -- Attendance: 2626 (87.53%) -- Ticket Income $78,780
Level 4 -- Attendance: 5000 (100.00%) -- Ticket Income $100,000
Luxury Box -- Attendance: 877 (87.70%) -- Ticket Income $166,630
Game was played at the Rexall Place.
Total Attendance: 19338 (96.69%)
Total Ticket Income: $1,120,560
Other Income: $392,196
Total Income: $1,512,756

Winnipeg Jets

5 vs 5 Forward 
   Center                   Left Wing                Right Wing               Time % Phy DF OF 
 1 Mikael Backlund          Jason Zucker             Connor Bedard            30     1   2  2  
 2 Adam Lowry               Ridly Greig              Alexander Kerfoot        30     1   2  2  
 3 Vladislav Namestnikov    Taylor Hall              Matvei Michkov           25     1   2  2  
 4 Nino Niederreiter        Alexis Lafreniere        Joel Armia               15     1   2  2  

5 vs 5 Defense 
   Defense                  Defense                                           Time % Phy DF OF 
 1 Oliver Ekman-Larsson     Dylan Samberg                                     35     1   2  2  
 2 Nate Schmidt             Derek Forbort                                     35     1   2  2  
 3 Sean Durzi               Haydn Fleury                                      30     1   2  2  
 4 Oliver Ekman-Larsson     Dylan Samberg                                     0      1   2  2  

PowerPlay Forward 
   Center                   Left Wing                Right Wing               Time % Phy DF OF 
 1 Mikael Backlund          Jason Zucker             Connor Bedard            50     1   2  2  
 2 Adam Lowry               Ridly Greig              Alexander Kerfoot        50     1   2  2  

PowerPlay Defense
   Defense                  Defense                                           Time % Phy DF OF 
 1 Oliver Ekman-Larsson     Dylan Samberg                                     50     1   2  2  
 2 Haydn Fleury             Derek Forbort                                     50     1   2  2  

Penalty Kill 4 Players Forward 
   Center                   Wing                     Time % Phy DF OF 
 1 Mikael Backlund          Jason Zucker             50     1   2  2  
 2 Adam Lowry               Connor Bedard            50     1   2  2  

Penalty Kill 4 Players Defense
   Defense                  Defense                  Time % Phy DF OF 
 1 Oliver Ekman-Larsson     Dylan Samberg            50     1   2  2  
 2 Nate Schmidt             Derek Forbort            50     1   2  2  

Penalty Kill - 3 Players Forward 
   Forward                                           Time % Phy DF OF 
 1 Mikael Backlund                                   50     1   2  2  
 2 Jason Zucker                                      50     1   2  2  

Penalty Kill - 3 Players Defense
   Defense                  Defense                  Time % Phy DF OF 
 1 Oliver Ekman-Larsson     Dylan Samberg            50     1   2  2  
 2 Nate Schmidt             Derek Forbort            50     1   2  2  

4 vs 4 Forward 
   Center                   Wing                     Time % Phy DF OF 
 1 Mikael Backlund          Jason Zucker             50     1   2  2  
 2 Adam Lowry               Connor Bedard            50     1   2  2  

4 vs 4 Defense
   Defense                  Defense                  Time % Phy DF OF 
 1 Oliver Ekman-Larsson     Dylan Samberg            50     1   2  2  
 2 Sean Durzi               Derek Forbort            50     1   2  2  

Last Minutes Offensive
   Center                   Left Wing                Right Wing               Defense                  Defense                  
   Mikael Backlund          Jason Zucker             Connor Bedard            Oliver Ekman-Larsson     Dylan Samberg            

Last Minutes Defensive
   Center                   Left Wing                Right Wing               Defense                  Defense                  
   Mikael Backlund          Jason Zucker             Connor Bedard            Oliver Ekman-Larsson     Dylan Samberg            

Goaltenders
Starting : Dustin Wolf              
Backup : Eric Comrie              

Extra Forwards
Normal : Joel Armia, Taylor Hall, Matvei Michkov - PP : Joel Armia, Taylor Hall - PK : Matvei Michkov
Extra Defensemen
Normal : Derek Forbort, Oliver Ekman-Larsson, Dylan Samberg - PP : Oliver Ekman-Larsson - PK : Dylan Samberg, Oliver Ekman-Larsson
Penalty Shots
Mikael Backlund, Jason Zucker, Adam Lowry, Connor Bedard, Ridly Greig

Scratches
Sam Steel (Healthy), Barclay Goodrow (Healthy), Michael Kesselring (Healthy)

Edmonton Oilers

5 vs 5 Forward 
   Center                   Left Wing                Right Wing               Time % Phy DF OF 
 1 Ryan McLeod              Adrian Kempe             Brock Boeser             30     1   2  2  
 2 Boone Jenner             Jake DeBrusk             Dawson Mercer            30     1   2  2  
 3 Morgan Barron            Dylan Holloway           David Perron             25     1   2  2  
 4 Tanner Jeannot           Drake Caggiula           Corey Perry              15     1   2  2  

5 vs 5 Defense 
   Defense                  Defense                                           Time % Phy DF OF 
 1 Jacob Trouba             Brandon Carlo                                     30     1   2  2  
 2 David Savard             Evan Bouchard                                     30     1   2  2  
 3 Scott Mayfield           Brett Pesce                                       25     1   2  2  
 4 Jacob Trouba             Brandon Carlo                                     15     1   2  2  

PowerPlay Forward 
   Center                   Left Wing                Right Wing               Time % Phy DF OF 
 1 Ryan McLeod              Adrian Kempe             Brock Boeser             50     1   2  2  
 2 Boone Jenner             Jake DeBrusk             Dawson Mercer            50     1   2  2  

PowerPlay Defense
   Defense                  Defense                                           Time % Phy DF OF 
 1 Jacob Trouba             Brandon Carlo                                     50     1   2  2  
 2 David Savard             Evan Bouchard                                     50     1   2  2  

Penalty Kill 4 Players Forward 
   Center                   Wing                     Time % Phy DF OF 
 1 Adrian Kempe             Brock Boeser             50     1   2  2  
 2 Jake DeBrusk             Dylan Holloway           50     1   2  2  

Penalty Kill 4 Players Defense
   Defense                  Defense                  Time % Phy DF OF 
 1 Jacob Trouba             Brandon Carlo            50     1   2  2  
 2 David Savard             Evan Bouchard            50     1   2  2  

Penalty Kill - 3 Players Forward 
   Forward                                           Time % Phy DF OF 
 1 Adrian Kempe                                      50     1   2  2  
 2 Brock Boeser                                      50     1   2  2  

Penalty Kill - 3 Players Defense
   Defense                  Defense                  Time % Phy DF OF 
 1 Jacob Trouba             Brandon Carlo            50     1   2  2  
 2 David Savard             Evan Bouchard            50     1   2  2  

4 vs 4 Forward 
   Center                   Wing                     Time % Phy DF OF 
 1 Adrian Kempe             Brock Boeser             50     1   2  2  
 2 Jake DeBrusk             Dylan Holloway           50     1   2  2  

4 vs 4 Defense
   Defense                  Defense                  Time % Phy DF OF 
 1 Brett Pesce              Brandon Carlo            50     1   2  2  
 2 David Savard             Evan Bouchard            50     1   2  2  

Last Minutes Offensive
   Center                   Left Wing                Right Wing               Defense                  Defense                  
   Ryan McLeod              Adrian Kempe             Brock Boeser             Jacob Trouba             Brandon Carlo            

Last Minutes Defensive
   Center                   Left Wing                Right Wing               Defense                  Defense                  
   Ryan McLeod              Adrian Kempe             Brock Boeser             Jacob Trouba             Brandon Carlo            

Goaltenders
Starting : Karel Vejmelka           
Backup : Juuse Saros              

Extra Forwards
Normal : Morgan Barron, David Perron, Corey Perry - PP : Morgan Barron, David Perron - PK : Corey Perry
Extra Defensemen
Normal : Brandon Carlo, Brett Pesce, David Savard - PP : Brandon Carlo - PK : Brett Pesce, David Savard
Penalty Shots
Adrian Kempe, Brock Boeser, Jake DeBrusk, Dylan Holloway, Ryan McLeod

Scratches
Luke Hughes (Bruised Left Arm Injury), Troy Stecher (Healthy), Derek Ryan (Healthy), Jeff Carter (Healthy), Jonathan Quick (Healthy)

% Time on Ice - Winnipeg Jets

Lines # - Real PCT - Wanted PCT - Time Play
Normal Forward
1 - 31% - 30% - 13:43
2 - 29% - 30% - 12:57
3 - 25% - 25% - 10:54
4 - 15% - 15% - 6:34
Normal Defense
1 - 34% - 35% - 14:56
2 - 36% - 35% - 15:50
3 - 30% - 30% - 13:22
4 - 0% - 0% - 0:00
PP Forward
1 - 45% - 50% - 4:48
2 - 55% - 50% - 5:50
PP Defense
1 - 57% - 50% - 6:02
2 - 43% - 50% - 4:36
PK Forward
1 - 34% - 50% - 0:56
2 - 66% - 50% - 1:49
PK Defense
1 - 48% - 50% - 1:20
2 - 52% - 50% - 1:25
PK3 Forward
1 - 63% - 50% - 0:27
2 - 37% - 50% - 0:16
PK3 Defense
1 - 37% - 50% - 0:16
2 - 63% - 50% - 0:27
44 Forward
1 - 56% - 50% - 0:59
2 - 44% - 50% - 0:47
44 Defense
1 - 56% - 50% - 0:59
2 - 44% - 50% - 0:47
Last Minute Offensive  - 0:00
Last Minute Defensive  - 0:00
Total
Forward - 60:00
Defense - 60:00

% Time on Ice - Edmonton Oilers

Lines # - Real PCT - Wanted PCT - Time Play
Normal Forward
1 - 30% - 30% - 13:11
2 - 29% - 30% - 12:54
3 - 22% - 25% - 9:53
4 - 19% - 15% - 8:10
Normal Defense
1 - 31% - 30% - 13:32
2 - 30% - 30% - 13:09
3 - 28% - 25% - 12:24
4 - 11% - 15% - 5:03
PP Forward
1 - 45% - 50% - 1:33
2 - 55% - 50% - 1:55
PP Defense
1 - 52% - 50% - 1:49
2 - 48% - 50% - 1:39
PK Forward
1 - 47% - 50% - 5:02
2 - 53% - 50% - 5:36
PK Defense
1 - 53% - 50% - 5:40
2 - 47% - 50% - 4:58
PK3 Forward
1 - 0% - 50%
2 - 0% - 50%
PK3 Defense
1 - 0% - 50%
2 - 0% - 50%
44 Forward
1 - 56% - 50% - 0:59
2 - 44% - 50% - 0:47
44 Defense
1 - 60% - 50% - 1:04
2 - 40% - 50% - 0:42
Last Minute Offensive  - 0:00
Last Minute Defensive  - 0:00
Total
Forward - 60:00
Defense - 60:00

Play-by-Play

1st period


0:01 of 1st period - Ryan McLeod wins face-off versus Mikael Backlund in neutral zone.
0:26 of 1st period - Boone Jenner is hit by Adam Lowry and loses puck.
2:02 of 1st period - Snap shot by Alexander Kerfoot.
2:02 of 1st period - Stopped by Karel Vejmelka without a rebound.
2:03 of 1st period - Vladislav Namestnikov wins face-off versus Morgan Barron in Edmonton Oilers zone.
2:07 of 1st period - Icing by Brett Pesce.
2:08 of 1st period - Morgan Barron wins face-off versus Vladislav Namestnikov in Edmonton Oilers zone.
2:20 of 1st period - Snap shot by Matvei Michkov.
2:20 of 1st period - Stopped by Karel Vejmelka without a rebound.
2:21 of 1st period - Adam Lowry wins face-off versus Adrian Kempe in Edmonton Oilers zone.
2:28 of 1st period - Snap shot by Adam Lowry.
2:28 of 1st period - Stopped by Karel Vejmelka without a rebound.
2:29 of 1st period - Ryan McLeod wins face-off versus Adam Lowry in Edmonton Oilers zone.
2:38 of 1st period - Slapshot by Adrian Kempe.
2:38 of 1st period - Shot Misses the Net.
3:04 of 1st period - Taylor Hall is hit by Brandon Carlo and loses puck.
3:13 of 1st period - Snap shot by Brock Boeser.
3:13 of 1st period - Deflect By Adrian Kempe.
3:13 of 1st period - Shot Misses the Net.
3:13 of 1st period - Puck is out of play.
3:14 of 1st period - Boone Jenner wins face-off versus Mikael Backlund in Winnipeg Jets zone.
4:02 of 1st period - Snap shot by Alexander Kerfoot.
4:02 of 1st period - Shot Misses the Net.
4:04 of 1st period - Slapshot by Sean Durzi.
4:04 of 1st period - Stopped by Karel Vejmelka with a rebound.
5:47 of 1st period - Brett Pesce is hit by Adam Lowry and loses puck.
6:35 of 1st period - Minor Penalty to Brock Boeser for High sticking.
6:36 of 1st period - Mikael Backlund wins face-off versus Adrian Kempe in Edmonton Oilers zone.
6:45 of 1st period - Snap shot by Connor Bedard.
6:45 of 1st period - Deflect By Mikael Backlund.
6:45 of 1st period - Goal by Mikael Backlund - Winnipeg Jets : 1 - Edmonton Oilers : 0.
6:46 of 1st period - Boone Jenner wins face-off versus Mikael Backlund in neutral zone.
6:57 of 1st period - Snap shot by Boone Jenner.
6:57 of 1st period - Deflect By Dylan Samberg.
6:57 of 1st period - Stopped by Dustin Wolf with a rebound.
6:59 of 1st period - Wrist shot by Dawson Mercer.
6:59 of 1st period - Stopped by Dustin Wolf with a rebound.
7:01 of 1st period - Wrist shot by Evan Bouchard.
7:01 of 1st period - Deflect By Jake DeBrusk.
7:01 of 1st period - Stopped by Dustin Wolf with a rebound.
7:13 of 1st period - Dylan Samberg is hit by David Perron and loses puck.
7:22 of 1st period - Wrist shot by Dylan Holloway.
7:22 of 1st period - Stopped by Dustin Wolf without a rebound.
7:23 of 1st period - Vladislav Namestnikov wins face-off versus Tanner Jeannot in Winnipeg Jets zone.
7:54 of 1st period - David Savard is hit by Connor Bedard and loses puck.
8:07 of 1st period - Minor Penalty to Evan Bouchard for Interference.
8:08 of 1st period - Adam Lowry wins face-off versus Jake DeBrusk in Edmonton Oilers zone.
9:32 of 1st period - Adrian Kempe is hit by Connor Bedard and loses puck.
10:07 of 1st period - Penalty to Evan Bouchard is over, Evan Bouchard is back on ice.
10:48 of 1st period - Brett Pesce is hit by Oliver Ekman-Larsson and loses puck.
11:13 of 1st period - Snap shot by Adrian Kempe.
11:13 of 1st period - Shot Misses the Net.
12:35 of 1st period - Oliver Ekman-Larsson is hit by David Perron and loses puck.
13:55 of 1st period - Dylan Samberg is hit by Adrian Kempe and loses puck.
14:28 of 1st period - Minor Penalty to Brett Pesce for Interference.
14:29 of 1st period - Adrian Kempe wins face-off versus Ridly Greig in Edmonton Oilers zone.
15:06 of 1st period - Snap shot by Connor Bedard.
15:06 of 1st period - Goal by Connor Bedard - Winnipeg Jets : 2 - Edmonton Oilers : 0.
15:07 of 1st period - Mikael Backlund wins face-off versus Ryan McLeod in neutral zone.
15:22 of 1st period - Wrist shot by Jason Zucker.
15:22 of 1st period - Stopped by Karel Vejmelka without a rebound.
15:23 of 1st period - Adam Lowry wins face-off versus Morgan Barron in Edmonton Oilers zone.
15:32 of 1st period - Slapshot by David Perron.
15:32 of 1st period - Shot Hit the Post.
16:19 of 1st period - Snap shot by Jake DeBrusk.
16:19 of 1st period - Shot Blocked by Haydn Fleury.
16:21 of 1st period - Slapshot by Jake DeBrusk.
16:21 of 1st period - Stopped by Dustin Wolf without a rebound.
16:22 of 1st period - Mikael Backlund wins face-off versus Morgan Barron in Winnipeg Jets zone.
18:05 of 1st period - Snap shot by Dylan Holloway.
18:05 of 1st period - Shot Misses the Net.
18:07 of 1st period - Wrist shot by Dylan Holloway.
18:07 of 1st period - Shot Misses the Net.
18:23 of 1st period - Slapshot by Taylor Hall.
18:23 of 1st period - Shot Blocked by Brandon Carlo.
19:01 of 1st period - David Savard is hit by Haydn Fleury and loses puck.
19:08 of 1st period - Slapshot by Evan Bouchard.
19:08 of 1st period - Stopped by Dustin Wolf with a rebound.
19:10 of 1st period - Snap shot by Tanner Jeannot.
19:10 of 1st period - Deflect By Corey Perry.
19:10 of 1st period - Shot Blocked by Sean Durzi.
19:10 of 1st period - Puck is out of play.
19:11 of 1st period - Boone Jenner wins face-off versus Adam Lowry in Winnipeg Jets zone.
19:12 of 1st period - Slapshot by Dawson Mercer.
19:12 of 1st period - Shot Blocked by Oliver Ekman-Larsson.
19:36 of 1st period - Connor Bedard is hit by Brock Boeser and loses puck.
19:41 of 1st period - Snap shot by Adrian Kempe.
19:41 of 1st period - Stopped by Dustin Wolf without a rebound.
19:42 of 1st period - Mikael Backlund wins face-off versus Morgan Barron in Winnipeg Jets zone.
Goals for this period are 2 for Winnipeg Jets vs 0 for Edmonton Oilers.
Shots for this period are 7 for Winnipeg Jets vs 7 for Edmonton Oilers.

2nd period


0:01 of 2nd period - Ryan McLeod wins face-off versus Mikael Backlund in neutral zone.
0:06 of 2nd period - Snap shot by Brock Boeser.
0:06 of 2nd period - Shot Blocked by Mikael Backlund.
0:14 of 2nd period - Snap shot by Jason Zucker.
0:14 of 2nd period - Stopped by Karel Vejmelka with a rebound.
0:16 of 2nd period - Slapshot by Sean Durzi.
0:16 of 2nd period - Shot Blocked by Adrian Kempe.
0:28 of 2nd period - Haydn Fleury is hit by Jake DeBrusk and loses puck.
0:41 of 2nd period - Minor Penalty to Brandon Carlo for Hooking.
0:42 of 2nd period - Jake DeBrusk wins face-off versus Adam Lowry in Edmonton Oilers zone.
0:52 of 2nd period - Icing by Alexander Kerfoot.
0:53 of 2nd period - Adam Lowry wins face-off versus Adrian Kempe in Winnipeg Jets zone.
1:09 of 2nd period - Slapshot by Adam Lowry.
1:09 of 2nd period - Stopped by Karel Vejmelka with a rebound.
2:02 of 2nd period - Snap shot by Adam Lowry.
2:02 of 2nd period - Stopped by Karel Vejmelka with a rebound.
2:04 of 2nd period - Snap shot by Alexander Kerfoot.
2:04 of 2nd period - Shot Misses the Net.
2:06 of 2nd period - Wrist shot by Alexander Kerfoot.
2:06 of 2nd period - Stopped by Karel Vejmelka with a rebound.
2:20 of 2nd period - Snap shot by Adam Lowry.
2:20 of 2nd period - Stopped by Karel Vejmelka with a rebound.
2:22 of 2nd period - Wrist shot by Oliver Ekman-Larsson.
2:22 of 2nd period - Goal by Oliver Ekman-Larsson - Winnipeg Jets : 3 - Edmonton Oilers : 0.
2:23 of 2nd period - Adrian Kempe wins face-off versus Mikael Backlund in neutral zone.
2:37 of 2nd period - Minor Penalty to Jason Zucker for Hooking.
2:38 of 2nd period - Ryan McLeod wins face-off versus Mikael Backlund in Winnipeg Jets zone.
2:54 of 2nd period - Slapshot by Adrian Kempe.
2:54 of 2nd period - Shot Blocked by Nate Schmidt.
3:10 of 2nd period - Derek Forbort is hit by Dawson Mercer and loses puck.
3:32 of 2nd period - Icing by Ryan McLeod.
3:33 of 2nd period - Mikael Backlund wins face-off versus Ryan McLeod in Edmonton Oilers zone.
3:36 of 2nd period - Snap shot by Adam Lowry.
3:36 of 2nd period - Stopped by Karel Vejmelka without a rebound.
3:37 of 2nd period - Boone Jenner wins face-off versus Adam Lowry in Edmonton Oilers zone.
3:37 of 2nd period - Boone Jenner is hit by Dylan Samberg.
3:45 of 2nd period - Dylan Samberg is hit by Boone Jenner and loses puck.
3:53 of 2nd period - Minor Penalty to Connor Bedard for Holding.
3:54 of 2nd period - Mikael Backlund wins face-off versus Boone Jenner in Winnipeg Jets zone.
3:54 of 2nd period - Mikael Backlund is hit by Jake DeBrusk.
4:09 of 2nd period - Wrist shot by Dawson Mercer.
4:09 of 2nd period - Stopped by Dustin Wolf without a rebound.
4:10 of 2nd period - Ryan McLeod wins face-off versus Mikael Backlund in Winnipeg Jets zone.
4:37 of 2nd period - Penalty to Jason Zucker is over, Jason Zucker is back on ice.
5:22 of 2nd period - Snap shot by Adam Lowry.
5:22 of 2nd period - Stopped by Karel Vejmelka without a rebound.
5:23 of 2nd period - Boone Jenner wins face-off versus Mikael Backlund in Edmonton Oilers zone.
5:28 of 2nd period - Snap shot by Jake DeBrusk.
5:28 of 2nd period - Stopped by Dustin Wolf with a rebound.
5:30 of 2nd period - Wrist shot by Jake DeBrusk.
5:30 of 2nd period - Shot Misses the Net.
5:53 of 2nd period - Penalty to Connor Bedard is over, Connor Bedard is back on ice.
6:24 of 2nd period - Snap shot by Connor Bedard.
6:24 of 2nd period - Shot Misses the Net.
6:26 of 2nd period - Slapshot by Oliver Ekman-Larsson.
6:26 of 2nd period - Deflect By Mikael Backlund.
6:26 of 2nd period - Stopped by Karel Vejmelka with a rebound.
6:28 of 2nd period - Slapshot by Oliver Ekman-Larsson.
6:28 of 2nd period - Stopped by Karel Vejmelka without a rebound.
6:29 of 2nd period - Boone Jenner wins face-off versus Ridly Greig in Edmonton Oilers zone.
6:42 of 2nd period - Slapshot by Boone Jenner.
6:42 of 2nd period - Stopped by Dustin Wolf with a rebound.
6:44 of 2nd period - Wrist shot by Dawson Mercer.
6:44 of 2nd period - Shot Blocked by Alexander Kerfoot.
7:06 of 2nd period - Wrist shot by Adrian Kempe.
7:06 of 2nd period - Stopped by Dustin Wolf with a rebound.
7:16 of 2nd period - Matvei Michkov is hit by Drake Caggiula and loses puck.
7:25 of 2nd period - Snap shot by Matvei Michkov.
7:25 of 2nd period - Stopped by Karel Vejmelka without a rebound.
7:26 of 2nd period - Boone Jenner wins face-off versus Adam Lowry in Edmonton Oilers zone.
8:56 of 2nd period - Snap shot by Alexander Kerfoot.
8:56 of 2nd period - Shot Blocked by Brandon Carlo.
8:58 of 2nd period - Snap shot by Ridly Greig.
8:58 of 2nd period - Deflect By Alexander Kerfoot.
8:58 of 2nd period - Stopped by Karel Vejmelka without a rebound.
8:59 of 2nd period - Adam Lowry wins face-off versus Ryan McLeod in Edmonton Oilers zone.
9:27 of 2nd period - Off-side.
9:28 of 2nd period - Mikael Backlund wins face-off versus Morgan Barron in neutral zone.
9:33 of 2nd period - Morgan Barron is hit by Derek Forbort and loses puck.
9:42 of 2nd period - Snap shot by Morgan Barron.
9:42 of 2nd period - Shot Misses the Net.
9:48 of 2nd period - Snap shot by Morgan Barron.
9:48 of 2nd period - Stopped by Dustin Wolf with a rebound.
9:50 of 2nd period - Backhand shot by Morgan Barron.
9:50 of 2nd period - Stopped by Dustin Wolf with a rebound.
9:52 of 2nd period - Snap shot by Dylan Holloway.
9:52 of 2nd period - Shot Blocked by Derek Forbort.
9:54 of 2nd period - Wrist shot by Dylan Holloway.
9:54 of 2nd period - Stopped by Dustin Wolf with a rebound.
9:56 of 2nd period - Wrist shot by Brett Pesce.
9:56 of 2nd period - Shot Misses the Net.
9:58 of 2nd period - Wrist shot by Morgan Barron.
9:58 of 2nd period - Shot Misses the Net.
10:00 of 2nd period - Snap shot by Morgan Barron.
10:00 of 2nd period - Shot Misses the Net.
10:02 of 2nd period - Slapshot by Dylan Holloway.
10:02 of 2nd period - Stopped by Dustin Wolf with a rebound.
10:22 of 2nd period - Slapshot by Dylan Holloway.
10:22 of 2nd period - Stopped by Dustin Wolf without a rebound.
10:23 of 2nd period - Adam Lowry wins face-off versus Boone Jenner in Winnipeg Jets zone.
10:52 of 2nd period - Off-side.
10:53 of 2nd period - Vladislav Namestnikov wins face-off versus Ryan McLeod in neutral zone.
11:10 of 2nd period - Snap shot by Adrian Kempe.
11:10 of 2nd period - Shot Misses the Net.
11:20 of 2nd period - Matvei Michkov is hit by Tanner Jeannot and loses puck.
11:25 of 2nd period - Snap shot by Drake Caggiula.
11:25 of 2nd period - Shot Misses the Net.
11:27 of 2nd period - Snap shot by Drake Caggiula.
11:27 of 2nd period - Shot Misses the Net.
11:29 of 2nd period - Slapshot by Corey Perry.
11:29 of 2nd period - Goal by Corey Perry - Winnipeg Jets : 3 - Edmonton Oilers : 1.
11:30 of 2nd period - Boone Jenner wins face-off versus Adam Lowry in neutral zone.
11:35 of 2nd period - Snap shot by Jacob Trouba.
11:35 of 2nd period - Shot Blocked by Oliver Ekman-Larsson.
11:37 of 2nd period - Snap shot by Boone Jenner.
11:37 of 2nd period - Deflect By Oliver Ekman-Larsson.
11:37 of 2nd period - Shot Blocked by Dylan Samberg.
11:37 of 2nd period - Puck is out of play.
11:38 of 2nd period - Boone Jenner wins face-off versus Adam Lowry in Winnipeg Jets zone.
11:39 of 2nd period - Snap shot by Jake DeBrusk.
11:39 of 2nd period - Stopped by Dustin Wolf with a rebound.
11:41 of 2nd period - Snap shot by Dawson Mercer.
11:41 of 2nd period - Shot Blocked by Oliver Ekman-Larsson.
11:43 of 2nd period - Slapshot by Brandon Carlo.
11:43 of 2nd period - Shot Hit the Post.
11:45 of 2nd period - Snap shot by Brandon Carlo.
11:45 of 2nd period - Shot Blocked by Oliver Ekman-Larsson.
11:47 of 2nd period - Wrist shot by Dawson Mercer.
11:47 of 2nd period - Stopped by Dustin Wolf with a rebound.
11:49 of 2nd period - Snap shot by Jacob Trouba.
11:49 of 2nd period - Stopped by Dustin Wolf with a rebound.
11:55 of 2nd period - Slapshot by Dawson Mercer.
11:55 of 2nd period - Shot Blocked by Dylan Samberg.
11:57 of 2nd period - Snap shot by Jake DeBrusk.
11:57 of 2nd period - Stopped by Dustin Wolf with a rebound.
12:04 of 2nd period - Icing by Oliver Ekman-Larsson.
12:05 of 2nd period - Adam Lowry wins face-off versus Adrian Kempe in Winnipeg Jets zone.
12:10 of 2nd period - Slapshot by Dylan Samberg.
12:10 of 2nd period - Shot Misses the Net.
12:22 of 2nd period - Adam Lowry is hit by Brock Boeser and loses puck.
12:33 of 2nd period - Dylan Samberg is hit by Dylan Holloway and loses puck.
13:20 of 2nd period - Wrist shot by Nino Niederreiter.
13:20 of 2nd period - Stopped by Karel Vejmelka with a rebound.
13:22 of 2nd period - Wrist shot by Alexis Lafreniere.
13:22 of 2nd period - Stopped by Karel Vejmelka with a rebound.
13:24 of 2nd period - Slapshot by Dylan Samberg.
13:24 of 2nd period - Stopped by Karel Vejmelka without a rebound.
13:25 of 2nd period - Mikael Backlund wins face-off versus Ryan McLeod in Edmonton Oilers zone.
13:28 of 2nd period - Snap shot by Jason Zucker.
13:28 of 2nd period - Stopped by Karel Vejmelka with a rebound.
13:30 of 2nd period - Slapshot by Derek Forbort.
13:30 of 2nd period - Shot Blocked by Scott Mayfield.
13:55 of 2nd period - Derek Forbort is hit by Brett Pesce and loses puck.
14:18 of 2nd period - Slapshot by Morgan Barron.
14:18 of 2nd period - Stopped by Dustin Wolf without a rebound.
14:19 of 2nd period - Mikael Backlund wins face-off versus Adrian Kempe in Winnipeg Jets zone.
15:10 of 2nd period - Derek Forbort is hit by Dylan Holloway and loses puck.
15:40 of 2nd period - Derek Forbort is hit by David Savard and loses puck.
16:04 of 2nd period - Snap shot by Adrian Kempe.
16:04 of 2nd period - Deflect By Brock Boeser.
16:04 of 2nd period - Goal by Brock Boeser - Winnipeg Jets : 3 - Edmonton Oilers : 2.
16:05 of 2nd period - Ryan McLeod wins face-off versus Mikael Backlund in neutral zone.
16:16 of 2nd period - Slapshot by Jason Zucker.
16:16 of 2nd period - Stopped by Karel Vejmelka without a rebound.
16:17 of 2nd period - Adam Lowry wins face-off versus Ryan McLeod in Edmonton Oilers zone.
16:44 of 2nd period - Jason Zucker is hit by Jacob Trouba and loses puck.
17:03 of 2nd period - Snap shot by Dylan Holloway.
17:03 of 2nd period - Deflect By Taylor Hall.
17:03 of 2nd period - Stopped by Dustin Wolf with a rebound.
18:17 of 2nd period - Snap shot by Jason Zucker.
18:17 of 2nd period - Stopped by Karel Vejmelka without a rebound.
18:18 of 2nd period - Boone Jenner wins face-off versus Mikael Backlund in Edmonton Oilers zone.
18:18 of 2nd period - Boone Jenner is hit by Jason Zucker.
18:30 of 2nd period - Jason Zucker is hit by Dawson Mercer and loses puck.
19:35 of 2nd period - Wrist shot by Jake DeBrusk.
19:35 of 2nd period - Shot Misses the Net.
19:37 of 2nd period - Slapshot by Jake DeBrusk.
19:37 of 2nd period - Stopped by Dustin Wolf with a rebound.
19:39 of 2nd period - Slapshot by Jake DeBrusk.
19:39 of 2nd period - Goal by Jake DeBrusk - Winnipeg Jets : 3 - Edmonton Oilers : 3.
19:40 of 2nd period - Mikael Backlund wins face-off versus Ryan McLeod in neutral zone.
Goals for this period are 1 for Winnipeg Jets vs 3 for Edmonton Oilers.
Shots for this period are 18 for Winnipeg Jets vs 19 for Edmonton Oilers.

3rd period


0:01 of 3rd period - Morgan Barron wins face-off versus Adam Lowry in neutral zone.
0:01 of 3rd period - David Perron is hit by Dylan Samberg and loses puck.
0:13 of 3rd period - Minor Penalty to Brett Pesce for Tripping.
0:14 of 3rd period - Brock Boeser wins face-off versus Mikael Backlund in Edmonton Oilers zone.
0:26 of 3rd period - Minor Penalty to Derek Forbort for Interference.
0:27 of 3rd period - Adrian Kempe wins face-off versus Mikael Backlund in Winnipeg Jets zone.
0:50 of 3rd period - Jason Zucker is hit by Brandon Carlo and loses puck.
1:25 of 3rd period - Backhand shot by Adrian Kempe.
1:25 of 3rd period - Stopped by Dustin Wolf without a rebound.
1:26 of 3rd period - Connor Bedard wins face-off versus Dylan Holloway in Winnipeg Jets zone.
1:26 of 3rd period - Connor Bedard is hit by Jake DeBrusk.
1:33 of 3rd period - Evan Bouchard is hit by Adam Lowry and loses puck.
1:58 of 3rd period - Backhand shot by Dylan Holloway.
1:58 of 3rd period - Stopped by Dustin Wolf with a rebound.
2:13 of 3rd period - Penalty to Brett Pesce is over, Brett Pesce is back on ice.
2:26 of 3rd period - Penalty to Derek Forbort is over, Derek Forbort is back on ice.
2:35 of 3rd period - Snap shot by Adam Lowry.
2:35 of 3rd period - Stopped by Karel Vejmelka with a rebound.
2:37 of 3rd period - Snap shot by Adam Lowry.
2:37 of 3rd period - Shot Hit the Post.
2:39 of 3rd period - Slapshot by Adam Lowry.
2:39 of 3rd period - Shot Blocked by Brett Pesce.
2:41 of 3rd period - Slapshot by Nate Schmidt.
2:41 of 3rd period - Shot Misses the Net.
2:43 of 3rd period - Slapshot by Nate Schmidt.
2:43 of 3rd period - Shot Blocked by Brandon Carlo.
2:53 of 3rd period - Slapshot by Adam Lowry.
2:53 of 3rd period - Goal by Adam Lowry - Winnipeg Jets : 4 - Edmonton Oilers : 3.
2:54 of 3rd period - Ryan McLeod wins face-off versus Taylor Hall in neutral zone.
3:19 of 3rd period - Alexis Lafreniere is hit by Tanner Jeannot and loses puck.
3:46 of 3rd period - Derek Forbort is hit by David Perron.
5:04 of 3rd period - Icing by Jacob Trouba.
5:05 of 3rd period - Boone Jenner wins face-off versus Nino Niederreiter in Edmonton Oilers zone.
5:40 of 3rd period - Scott Mayfield is hit by Taylor Hall and loses puck.
6:14 of 3rd period - Brock Boeser is hit by Alexander Kerfoot and loses puck.
6:39 of 3rd period - Brett Pesce is hit by Alexis Lafreniere and loses puck.
6:52 of 3rd period - Wrist shot by Corey Perry.
6:52 of 3rd period - Stopped by Dustin Wolf with a rebound.
6:54 of 3rd period - Slapshot by Scott Mayfield.
6:54 of 3rd period - Stopped by Dustin Wolf without a rebound.
6:55 of 3rd period - Tanner Jeannot wins face-off versus Vladislav Namestnikov in Winnipeg Jets zone.
7:18 of 3rd period - Snap shot by Taylor Hall.
7:18 of 3rd period - Shot Blocked by Corey Perry.
7:20 of 3rd period - Slapshot by Taylor Hall.
7:20 of 3rd period - Stopped by Karel Vejmelka with a rebound.
7:22 of 3rd period - Slapshot by Haydn Fleury.
7:22 of 3rd period - Shot Blocked by Drake Caggiula.
7:24 of 3rd period - Wrist shot by Haydn Fleury.
7:24 of 3rd period - Stopped by Karel Vejmelka with a rebound.
7:26 of 3rd period - Slapshot by Haydn Fleury.
7:26 of 3rd period - Stopped by Karel Vejmelka with a rebound.
7:28 of 3rd period - Wrist shot by Haydn Fleury.
7:28 of 3rd period - Stopped by Karel Vejmelka with a rebound.
7:30 of 3rd period - Snap shot by Haydn Fleury.
7:30 of 3rd period - Shot Blocked by Corey Perry.
7:32 of 3rd period - Wrist shot by Sean Durzi.
7:32 of 3rd period - Shot Blocked by Tanner Jeannot.
7:34 of 3rd period - Snap shot by Matvei Michkov.
7:34 of 3rd period - Goal by Matvei Michkov - Winnipeg Jets : 5 - Edmonton Oilers : 3.
7:35 of 3rd period - Morgan Barron wins face-off versus Mikael Backlund in neutral zone.
8:00 of 3rd period - Connor Bedard is hit by Jacob Trouba and loses puck.
8:07 of 3rd period - Slapshot by Jake DeBrusk.
8:07 of 3rd period - Stopped by Dustin Wolf with a rebound.
8:10 of 3rd period - Icing by Sean Durzi.
8:11 of 3rd period - Mikael Backlund wins face-off versus Morgan Barron in Winnipeg Jets zone.
8:19 of 3rd period - Off-side.
8:20 of 3rd period - Adam Lowry wins face-off versus Dylan Holloway in neutral zone.
8:42 of 3rd period - Minor Penalty to Jacob Trouba for Tripping.
8:43 of 3rd period - Adrian Kempe wins face-off versus Mikael Backlund in Edmonton Oilers zone.
9:19 of 3rd period - Snap shot by Adam Lowry.
9:19 of 3rd period - Stopped by Karel Vejmelka without a rebound.
9:20 of 3rd period - Jake DeBrusk wins face-off versus Mikael Backlund in Edmonton Oilers zone.
10:42 of 3rd period - Penalty to Jacob Trouba is over, Jacob Trouba is back on ice.
10:53 of 3rd period - Drake Caggiula is hit by Oliver Ekman-Larsson and loses puck.
11:15 of 3rd period - Icing by Nate Schmidt.
11:16 of 3rd period - Alexis Lafreniere wins face-off versus Morgan Barron in Winnipeg Jets zone.
11:21 of 3rd period - Dylan Holloway is hit by Alexis Lafreniere and loses puck.
12:02 of 3rd period - Alexander Kerfoot is hit by Brandon Carlo and loses puck.
12:09 of 3rd period - Dylan Samberg is hit by Dawson Mercer.
12:13 of 3rd period - Wrist shot by Jake DeBrusk.
12:13 of 3rd period - Shot Misses the Net.
12:35 of 3rd period - Slapshot by Oliver Ekman-Larsson.
12:35 of 3rd period - Shot Misses the Net.
12:37 of 3rd period - Wrist shot by Ridly Greig.
12:37 of 3rd period - Shot Blocked by David Savard.
12:39 of 3rd period - Backhand shot by Dylan Samberg.
12:39 of 3rd period - Stopped by Karel Vejmelka without a rebound.
12:40 of 3rd period - Mikael Backlund wins face-off versus Ryan McLeod in Edmonton Oilers zone.
12:43 of 3rd period - Snap shot by Connor Bedard.
12:43 of 3rd period - Stopped by Karel Vejmelka without a rebound.
12:44 of 3rd period - Ryan McLeod wins face-off versus Mikael Backlund in Edmonton Oilers zone.
12:55 of 3rd period - Slapshot by Adrian Kempe.
12:55 of 3rd period - Stopped by Dustin Wolf without a rebound.
12:56 of 3rd period - Ryan McLeod wins face-off versus Adam Lowry in Winnipeg Jets zone.
13:14 of 3rd period - Icing by Brandon Carlo.
13:15 of 3rd period - Ryan McLeod wins face-off versus Mikael Backlund in Edmonton Oilers zone.
13:20 of 3rd period - Wrist shot by Connor Bedard.
13:20 of 3rd period - Shot Blocked by Brandon Carlo.
13:22 of 3rd period - Slapshot by Sean Durzi.
13:22 of 3rd period - Stopped by Karel Vejmelka without a rebound.
13:23 of 3rd period - Mikael Backlund wins face-off versus Morgan Barron in Edmonton Oilers zone.
13:45 of 3rd period - Minor Penalty to David Perron for Tripping.
13:46 of 3rd period - Mikael Backlund wins face-off versus Adrian Kempe in Edmonton Oilers zone.
14:38 of 3rd period - Brandon Carlo is hit by Derek Forbort and loses puck.
15:35 of 3rd period - Brandon Carlo is hit by Dylan Samberg and loses puck.
15:45 of 3rd period - Penalty to David Perron is over, David Perron is back on ice.
15:52 of 3rd period - Corey Perry is hit by Taylor Hall and loses puck.
15:59 of 3rd period - Slapshot by Matvei Michkov.
15:59 of 3rd period - Shot Misses the Net.
16:28 of 3rd period - Minor Penalty to Tanner Jeannot for Hooking.
16:29 of 3rd period - Mikael Backlund wins face-off versus Adrian Kempe in Edmonton Oilers zone.
17:13 of 3rd period - Derek Forbort is hit by Jake DeBrusk and loses puck.
17:42 of 3rd period - Brock Boeser is hit by Dylan Samberg.
17:46 of 3rd period - Brock Boeser is hit by Ridly Greig and loses puck.
18:28 of 3rd period - Penalty to Tanner Jeannot is over, Tanner Jeannot is back on ice.
18:32 of 3rd period - Tanner Jeannot is hit by Joel Armia and loses puck.
18:57 of 3rd period - Wrist shot by Morgan Barron.
18:57 of 3rd period - Shot Misses the Net.
19:29 of 3rd period - David Perron is hit by Mikael Backlund and loses puck.
Goals for this period are 2 for Winnipeg Jets vs 0 for Edmonton Oilers.
Shots for this period are 11 for Winnipeg Jets vs 6 for Edmonton Oilers.